 Dungeon Crawl Stone Soup version 0.29.1-1-gd02db6906a (webtiles) character file.

Game seed: 17849790566129842996

28 safid the Shooter (level 3, -4/31 HPs)
             Began as a Minotaur Hunter on Oct 12, 2022.
             Slain by a gnoll
             ... wielding a +0 whip
              (9 damage)
             ... on level 2 of the Dungeon.
             The game lasted 00:00:58 (703 turns).

safid the Shooter (Minotaur Hunter)                  Turns: 703, Time: 00:00:58

Health: -4/31      AC:  3    Str: 15    XL:     3   Next: 0%
Magic:  2/2        EV: 12    Int:  6    God:
Gold:   85         SH:  0    Dex: 15    Spells: 2/2 levels left

rFire   . . .      SeeInvis .   a - +0 shortbow
rCold   . . .      Faith    .   (shield currently unavailable)
rNeg    . . .      Spirit   .   c - +0 leather armour
rPois   .          Reflect  .   (helmet restricted)
rElec   .          Harm     .   (no cloak)
rCorr   .          Rampage  .   (no gloves)
Will    .....                   (no boots)
Stlth   +.........              (no amulet)
HPRegen 0.10/turn               (no ring)
MPRegen 0.08/turn               (no ring)

@: no status effects
A: horns 2, retaliatory headbutt
a: no special abilities


You were on level 2 of the Dungeon.
You visited 1 branch of the dungeon, and saw 2 of its levels.

You collected 85 gold pieces.

Inventory:

Hand Weapons
 a - a +0 shortbow (weapon)
Armour
 c - a +0 leather armour (worn)
Scrolls
 b - a scroll of immolation
 e - 2 scrolls of amnesia {unknown}
 g - 2 scrolls of identify {unknown}
 i - a scroll of teleportation {unknown}
Potions
 d - a potion of ambrosia {unknown}
 f - a potion of haste {unknown}
 h - a potion of might {unknown}


   Skills:
 - Level 3.0 Fighting
 + Level 5.2 Ranged Weapons
 - Level 2.1 Dodging
 - Level 0.7 Stealth


You had 2 spell levels left.
You didn't know any spells.
Your spell library was empty.

Dungeon Overview and Level Annotations

Branches:
Dungeon (2/15)

Altars:


Innate Abilities, Weirdness & Mutations

You have a pair of horns on your head.
You reflexively headbutt those who attack you in melee.


Message History

You shoot an arrow. The arrow closely misses the adder.
The gnoll shouts!
The arrow hits the gnoll!
The gnoll is heavily wounded.
You shoot an arrow. The arrow misses the adder.
The arrow hits the gnoll but does no damage.
The gnoll is heavily wounded.
You shoot an arrow.
The arrow hits the adder but does no damage.
The adder bites you.
A gnoll comes into view. It is wielding a +0 flail.
The adder barely misses you.
You shoot an arrow. The gnoll shouts!
The arrow hits the adder!
The adder is severely wounded.
The adder misses you. The adder closely misses you.
You shoot an arrow. The arrow closely misses the adder.
The arrow hits the gnoll.
The gnoll is heavily wounded.
The adder bites you.
You shoot an arrow. The arrow hits the adder.
You kill the adder!
The gnoll barely misses you. The gnoll hits you with a +0 club.
You have reached level 3!
Your experience leads to an increase in your attributes!
Increase (S)trength, (I)ntelligence, or (D)exterity?
You feel agile. x2
The gnoll attacks as you move away! The gnoll closely misses you.
The gnoll attacks as you move away! The gnoll hits you with a +0 club.
The gnoll hits you with a +0 club. The gnoll attacks as you move away!
The gnoll hits you with a +0 whip. The gnoll attacks as you move away!
The gnoll closely misses you. The gnoll attacks as you move away!
The gnoll misses you. You furiously retaliate!
You headbutt the gnoll. The gnoll attacks as you move away!
The gnoll hits you with a +0 whip!
* * * LOW HITPOINT WARNING * * *
There is a stone staircase leading up here.
The gnoll hits you with a +0 whip!
You die...

.........# .
>........### #..
...........##.[.#
................# ##
......).......# .(.
..............# ..#
.#............# ..
####..############.#
##.....# ###g@..#
##....###..g####
#....##.g###
#.......## #.....###
#....## #....#
#....# #....#


You could see 3 gnolls.

Vanquished Creatures
  An adder (D:2)
  A dart slug (D:2)
  A ball python (D:1)
  3 endoplasms
  3 giant cockroaches (D:1)
  A goblin (D:1)
  A quokka (D:1)
  2 bats
  2 frilled lizards (D:1)
  A rat (D:1)
16 creatures vanquished.

Notes
Turn   | Place    | Note
-------+----------+-------------------------------------------
     0 | D:1      | safid the Minotaur Hunter began the quest for the Orb.
     0 | D:1      | Reached XP level 1. HP: 18/18 MP: 0/0
   165 | D:1      | Reached XP level 2. HP: 25/25 MP: 1/1
   640 | D:2      | Reached skill level 5 in Ranged Weapons
   657 | D:2      | Identified the +1 dagger of Minn {pain, Will+ rCorr Dex+4}
   683 | D:2      | Reached XP level 3. HP: 23/31 MP: 2/2
   703 | D:2      | Slain by a gnoll

Illustrated notes

Levels and vault maps discovered:
D:1:      minmay_arrival_glassed_features, layout_basic,
          hangedman_decor_growths, wander_ebering_terrifying_dragon_lair
D:2:      layout_rooms, nrook_uturn

Skill      XL: |  1  2 |
---------------+-------+-----
Fighting       | 3 |  3.0
Ranged Weapons | 5 |  5.2
Dodging        | |  2.1
Stealth        | |  0.7

Action                   || total
-------------------------++-------
 Fire: Shortbow          ||    45
Armor: Leather armour    ||     3
Dodge: Dodged            ||     9
